 Dungeon Crawl Stone Soup version 0.29-a0-322-g68df515428 (webtiles) character file.

Game seed: 15365144692225762656

590 Ajdolov the Magician (level 7, -4/52 HPs)
             Began as a Djinni Conjurer on Apr 6, 2022.
             Slain by a yak (11 damage)
             ... on level 4 of the Dungeon.
             The game lasted 00:06:42 (4579 turns).

Ajdolov the Magician (Djinni Conjurer)              Turns: 4579, Time: 00:06:43

Health: -4/52      AC:  4    Str:  6    XL:     7   Next: 66%
Gold:   189        EV: 12    Int: 22    God:
                   SH:  0    Dex: 11

rFire   + + .      SeeInvis .   k - +0 short sword (venom)
rCold   x . .      Faith    .   (no shield)
rNeg    . . .      Spirit   .   a - +0 robe
rPois   ∞          Reflect  .   m - +0 helmet
rElec   .          Harm     .   e - +0 cloak
rCorr   .          Rampage  .   (no gloves)
Will    .....                   (boots unavailable)
Stlth   ++........              (no amulet)
HPRegen 0.17/turn               (no ring)
MPRegen 0.00/turn               (no ring)

@: flying
A: sickness immunity, fire resistance 2, cold vulnerability 1, float, innate
caster, HP casting, extra vitality 1
a: no special abilities


You were on level 4 of the Dungeon.
You visited 1 branch of the dungeon, and saw 4 of its levels.

You collected 213 gold pieces.
You spent 24 gold pieces at shops.

Inventory:

Hand Weapons
 k - a +0 short sword of venom (weapon)
Armour
 a - a +0 robe (worn)
 e - a +0 cloak (worn)
 m - a +0 helmet (worn)
Scrolls
 c - a scroll of holy word {unknown}
 d - 2 scrolls of noise {unknown}
 f - a scroll of brand weapon {unknown}
 g - 11 scrolls of identify
 j - 2 scrolls of immolation {unknown}
 o - 2 scrolls of amnesia {unknown}
 p - a scroll of teleportation {unknown}
 q - a scroll of blinking {unknown}
 r - a scroll of enchant armour {unknown}
 s - a scroll of magic mapping {unknown}
Potions
 b - 3 potions of heal wounds {unknown}
 h - a potion of berserk rage {unknown}
 i - a potion of magic {unknown}
 l - a potion of might {unknown}
 n - a potion of brilliance {unknown}


   Skills:
 + Level 4.1 Fighting
 - Level 2.1 Dodging
 - Level 1.5 Stealth
 * Level 5.8 Spellcasting


You couldn't memorise any spells.
You knew the following spells:

 Your Spells              Type           Power      Damage    Failure   Level
a - Magic Dart            Conj           100%       1d8       1%          1
b - Searing Ray           Conj           64%        2d6       1%          2
c - Dazzling Flash        Conj/Hex       64%        N/A       2%          3
d - Fulminant Prism       Conj/Hex       16%        3d11      9%          4
e - Iskenderun's Mystic   Conj/Tloc      32%        2d8       9%          4
f - Animate Skeleton      Necr           64%        N/A       1%          1
g - Poisonous Vapours     Pois/Air       64%        N/A       1%          2
h - Gell's Gravitas       Tloc           32%        N/A       2%          3
Your spell library was empty.

Dungeon Overview and Level Annotations

Branches:
Dungeon (4/15)
 Temple: D:4-7

Altars:

Shops:
D:2 *


Innate Abilities, Weirdness & Mutations

You are immune to sickness and miasma.
You are immune to poison.
Your flesh is very heat resistant. (rF++)
You are vulnerable to cold. (rC-)
You float through the air rather than walking.
You learn spells naturally, not from books.
Your magical power is your life essence.
You have superior vitality. (+4 MHP)


Message History

The searing ray hits the yak!
The yak is moderately wounded.
Unknown command.
Casting: Searing Ray (safe; 1% risk of failure)
Confirm with . or Enter, or press ? or * to list all spells.
Aiming: Gell's Gravitas (dangerous; 3% risk of failure)
Press: ? - help, Dir - move target, f - yak, p - yak
Aim: a yak (moderately wounded) Gravity reorients around the yak.
The yak collides with the yak!
You kill the yak!
The yak is heavily wounded.
Your Fighting skill increases to level 4!
Casting: Gell's Gravitas (dangerous; 2% risk of failure)
Confirm with . or Enter, or press ? or * to list all spells.
Aiming: Gell's Gravitas (dangerous; 2% risk of failure)
Press: ? - help, Dir - move target, p - yak Gravity reorients around empty space.
The yak collides with the yak!
The yak is heavily wounded.
The yak is severely wounded.
* * * LOW HITPOINT WARNING * * *
The yak misses you.
Casting: Gell's Gravitas (dangerous; 2% risk of failure)
Confirm with . or Enter, or press ? or * to list all spells.
Aiming: Gell's Gravitas (dangerous; 2% risk of failure)
Press: ? - help, Dir - move target Gravity reorients around empty space.
The yak collides with the yak!
The yak is heavily wounded.
The yak is severely wounded.
* * * LOW HITPOINT WARNING * * *
The yak gores you.
* * * LOW HITPOINT WARNING * * *
Casting: Gell's Gravitas (dangerous; 2% risk of failure)
Confirm with . or Enter, or press ? or * to list all spells.
Aiming: Gell's Gravitas (dangerous; 2% risk of failure)
Press: ? - help, Dir - move target Gravity reorients around empty space.
The yak collides with the yak!
The yak is severely wounded. x2
* * * LOW HITPOINT WARNING * * *
The yak gores you!
You die...

####### #...... #......
####### #.....#
###..... #(....#
#.'..... #.....#
#.#.....
#.....###.######
#.....'...#
#.#########.....######
#......YY@.............
#######################


You could see 2 yaks.

Vanquished Creatures
  A yak (D:4)
  2 ogres
  A necrophage (D:4)
  An orc wizard (D:3)
  Natasha (thrice) (D:2)
  Terence (D:2)
  Robin (D:2)
  A worm (D:2)
  2 dart slugs
  7 orcs (D:3)
  6 ball pythons
  5 bats
  An endoplasm (D:2)
  3 giant cockroaches
  6 goblins
  10 hobgoblins
  3 quokkas
  4 frilled lizards
  5 kobolds
  5 rats
68 creatures vanquished.

Notes
Turn   | Place    | Note
-------+----------+-------------------------------------------
     0 | D:1      | Ajdolov the Djinni Conjurer began the quest for the Orb.
     0 | D:1      | Reached XP level 1. HP: 15/15 MP: 0/0
   399 | D:1      | Reached XP level 2. HP: 18/22 MP: 0/0
   601 | D:1      | Reached skill level 1 in Fighting
  1108 | D:1      | Reached XP level 3. HP: 25/27 MP: 0/0
  1108 | D:1      | Learned a level 1 spell: Animate Skeleton
  1479 | D:1      | Found a faded altar of an unknown god.
  1659 | D:2      | Found Xuawadaona's General Store.
  1668 | D:2      | Bought a scroll of identify for 24 gold pieces
  1761 | D:2      | Noticed Terence
  1788 | D:2      | Killed Terence
  1789 | D:2      | Reached skill level 4 in Spellcasting
  1789 | D:2      | Reached XP level 4. HP: 15/33 MP: 0/0
  2112 | D:2      | Noticed Natasha
  2119 | D:2      | Killed Natasha
  2347 | D:2      | Noticed Robin
  2354 | D:2      | Killed Robin
  2355 | D:2      | Reached XP level 5. HP: 27/38 MP: 0/0
  2355 | D:2      | Learned a level 2 spell: Poisonous Vapours
  2426 | D:2      | Noticed Natasha
  2430 | D:2      | Killed Natasha
  3061 | D:2      | Noticed Natasha
  3073 | D:2      | Killed Natasha
  3325 | D:3      | Reached XP level 6. HP: 33/45 MP: 0/0
  3425 | D:3      | Noticed an ogre
  3431 | D:3      | Killed an ogre
  3432 | D:3      | Reached skill level 5 in Spellcasting
  4467 | D:4      | Noticed an ogre
  4472 | D:4      | Killed an ogre
  4473 | D:4      | Reached XP level 7. HP: 42/51 MP: 0/0
  4473 | D:4      | Learned a level 3 spell: Gell's Gravitas
  4564 | D:4      | Noticed a yak
  4566 | D:4      | Noticed a yak
  4569 | D:4      | Noticed a yak
  4576 | D:4      | Killed a yak
  4579 | D:4      | Slain by a yak

Illustrated notes

Levels and vault maps discovered:
D:1:      nicolae_arrival_somewhat_less_tricky_arrival, layout_loops_ring,
          hellmonk_ecumenical_altar_leap_of_faith
D:2:      layout_loops_corners, serial_shops, shop, uniq_terence, uniq_natasha,
          uniq_robin
D:3:      layout_basic
D:4:      layout_basic, lemuel_coloured_pillars_altar,
          kennysheep_generic_room_14

Skill      XL: |  1  2  3  4  5  6  7 |
---------------+----------------------+-----
Fighting       | 1 2 3 4 |  4.1
Spellcasting   | 4 5 |  5.8
Dodging        | |  2.1
Stealth        | |  1.5

Action                   |  1- 3 |  4- 6 |  7- 9 || total
-------------------------+-------+-------+-------++-------
 Cast: Magic Dart        |    49 |    31 |       ||    80
       Searing Ray       |     2 |    18 |     2 ||    22
       Poisonous Vapours |       |     2 |     2 ||     4
       Gell's Gravitas   |       |       |     4 ||     4
Armor: Robe              |     2 |     3 |       ||     5
Dodge: Dodged            |     9 |     9 |     1 ||    19

Table legend: (Time is in decaauts)
 A = Elapsed time spent in this place.
 B = Non-inter-level travel time spent in this place.
 C = Inter-level travel time spent in this place.
 D = Time resting spent in this place.
 E = Time spent auto-exploring this place.
 F = Levels seen in this place.
 G = Mean time per level.
                   A        B        C        D        E       F      G
               +--------+--------+--------+--------+--------+-----+--------+
         Total |   4584 |   4499 |     85 |    754 |   3298 |   4 | 1146.0 |
       Dungeon |   4584 |   4499 |     85 |    754 |   3298 |   4 | 1146.0 |
               +--------+--------+--------+--------+--------+-----+--------+

Top non-repeatable levels by time:
     D:2: 1735 daAuts
     D:1: 1550 daAuts
     D:3: 681 daAuts
     D:4: 616 daAuts
